 Dungeon Crawl Stone Soup version 0.25-a0-294-gea9b1ad378 (webtiles) character file.

Game seed: 13376533215215490443, levelgen mode: deterministic

539 RedPan the Chiller (level 7, -8/50 HPs)
             Began as a Yellow Draconian Ice Elementalist on Dec 17, 2019.
             Mangled by an ogre
             ... wielding a +0 giant spiked club
              (16 damage)
             ... on level 5 of the Dungeon.
             The game lasted 00:09:49 (4732 turns).

RedPan the Chiller (DrIE)                           Turns: 4732, Time: 00:09:50

Health: -8/50      AC:  9    Str: 11    XL:     7   Next: 5%
Magic:  1/13       EV: 12    Int: 20    God:
Gold:   235        SH:  0    Dex: 11    Spells: 6/15 levels left

rFire    . . .     SeeInvis .   o - +0 spear
rCold    . . .     Gourm    .   (no shield)
rNeg     . . .     Faith    .   (armour unavailable)
rPois    .         Spirit   .   (helmet restricted)
rElec    .         Reflect  .   h - scarf {repulsion}
rCorr    +         Harm     .   n - +2 pair of gloves "Jehud" {Int+3}
MR       .....                  (no boots)
Stlth    ++........             (no amulet)
HPRegen  0.16/turn              (no ring)
MPRegen  0.13/turn              (no ring)

@: very slightly contaminated, repel missiles
A: spit acid, unfitting armour, cold-blooded, acid resistance, AC +6
a: Breathe Acid


You were on level 5 of the Dungeon.
You were hungry.

You visited 1 branch of the dungeon, and saw 5 of its levels.

You collected 235 gold pieces.

Inventory:

Hand Weapons
 f - a +0 hand axe
 o - a +0 spear (weapon)
Armour
 h - a scarf of repulsion (worn)
 n - the +2 pair of gloves "Jehud" (worn) {Int+3}
   (You found it on level 4 of the Dungeon)

   It affects your intelligence (+3).
Magical Staves
 l - an uncursed staff of wizardry
Jewellery
 c - a cursed ring of fire
Wands
 m - a wand of enslavement (7)
Scrolls
 q - a scroll of remove curse
 r - a scroll of identify
Potions
 a - a potion of might
 e - a potion of cancellation {unknown}
 g - 4 potions of haste
 i - 4 potions of curing
 j - 2 potions of heal wounds {unknown}
 k - 2 potions of agility
 p - a potion of magic {unknown}
Comestibles
 b - 11 rations


   Skills:
 - Level 1.7 Dodging
 - Level 1.7 Stealth
 + Level 4.6 Spellcasting
 + Level 3.3 Summonings
 + Level 6.1 Ice Magic


You had 6 spell levels left.
You knew the following spells:

 Your Spells              Type           Power        Failure   Level  Hunger
a - Freeze                Ice            ####         1%          1    None
b - Summon Ice Beast      Ice/Summ       ###.....     17%         4    ####...
c - Hailstorm             Conj/Ice       ###.....     34%         4    ####...

Your spell library contained the following spells:

 Spells                   Type           Power        Failure   Level  Hunger
 Call Imp                 Summ           ###.....     4%          2    #......
 Ozocubu's Armour         Chrm/Ice       ###.....     11%         3    ##.....
 Magic Dart               Conj           #...         12%         1    None
 Blink                    Tloc           N/A          19%         2    #......
 Slow                     Hex            #.......     19%         2    #......
 Conjure Flame            Conj/Fire      #.......     36%         3    ##.....
 Mephitic Cloud           Conj/Pois/Air  #.......     36%         3    ##.....


Dungeon Overview and Level Annotations

Branches:
Dungeon (5/15)
 Temple: D:4-7

Altars:
Dithmenos
Nemelex Xobeh
Uskayaw
Vehumet
Wu Jian
Xom
Zin
The Shining One

Shops:
D:4 :


Innate Abilities, Weirdness & Mutations

You can spit globs of acid.
Your golden yellow scales are hard. (AC +6)
You cannot fit into any form of body armour.
You are cold-blooded and may be slowed by cold attacks.
You are resistant to acid. (rCorr)


Message History

Press: ? - help, Dir - move target cursor, f/p - ogre
Aim: an ogre, wielding a +0 giant spiked club (severely wounded)
You could not reach far enough!
The ogre hits your ice beast with a +0 giant spiked club!!
Your ice beast dies!
Casting: Summon Ice Beast (slightly dangerous; 17% risk of failure)
Confirm with . or Enter, or press ? or * to list all spells.
You miscast Summon Ice Beast.
You are very lightly contaminated with residual magic.
Frost spreads across the the floor.
Attack whom?
Press: ? - help, Dir - move target cursor, f/p - ogre
Aim: an ogre, wielding a +0 giant spiked club (severely wounded)
Okay, then.
Casting: Summon Ice Beast (slightly dangerous; 17% risk of failure)
Confirm with . or Enter, or press ? or * to list all spells.
A chill wind blows around you.
The ogre hits your ice beast with a +0 giant spiked club.
The ogre hits you with a +0 giant spiked club!
You die...

# # #
###################
#..................
##.################
#.# #.# ### #@# ...
#O# O.. #Y# ...
#O#############O..
#...O......#..'Y..
#..#######.#.##...
#..#...# #.#.# ...
#..#.#.# #.#.# ...
#..#.#.###.#.# ...


You could see 2 ogres and a friendly ice beast.

Vanquished Creatures
  A phantom (D:4)
  A crimson imp (D:5)
  A howler monkey (D:5)
  A bullfrog zombie (D:5)
  A hound (D:4)
  2 bullfrog skeletons (D:5)
  2 orc wizards (D:5)
  2 worker ants (D:5)
  6 adders
  An ooze (D:3)
  2 adder zombies (D:5)
  A worm (D:2)
  2 dart slugs (D:3)
  4 leopard geckos
  6 orcs
  5 bats
  3 goblins
  5 hobgoblins
  A jackal (D:5)
  A quokka (D:3)
  8 frilled lizards
  7 kobolds
  A leopard gecko skeleton (D:4)
  A quokka skeleton (D:4)
  4 rats
69 creatures vanquished.

Vanquished Creatures (collateral kills)
  A hound (D:5)
  A bullfrog skeleton (D:5)
  An orc wizard (D:5)
  An ooze (D:5)
  A leopard gecko (D:5)
  3 orcs (D:5)
  2 jackals (D:5)
10 creatures vanquished.

Grand Total: 79 creatures vanquished

Notes
Turn   | Place    | Note
-------+----------+-------------------------------------------
     0 | D:1      | RedPan the Draconian Ice Elementalist began the quest for
                  | the Orb.
     0 | D:1      | Reached XP level 1. HP: 14/14 MP: 3/3
   427 | D:1      | Reached XP level 2. HP: 20/20 MP: 3/5
   945 | D:2      | Found a shadowy altar of Dithmenos.
  1213 | D:2      | Found a sparkling altar of Nemelex Xobeh.
  1319 | D:2      | Reached XP level 3. HP: 24/26 MP: 2/7
  1682 | D:2      | Found a glowing silver altar of Zin.
  1733 | D:3      | Found a faded altar of an unknown god.
  1883 | D:3      | Found a glowing golden altar of the Shining One.
  1950 | D:3      | Reached XP level 4. HP: 33/33 MP: 8/8
  1974 | D:3      | Learned a level 4 spell: Summon Ice Beast
  1979 | D:3      | Learned a level 4 spell: Hailstorm
  2275 | D:3      | Reached skill level 5 in Ice Magic
  2329 | D:3      | Found an ornate altar of the Wu Jian Council.
  2484 | D:4      | Reached skill level 1 in Summonings
  2553 | D:4      | Found Sumuph's Book Shoppe.
  2612 | D:4      | Got a pair of fine gloves
  2618 | D:4      | Identified the +2 pair of gloves "Jehud" {Int+3} (You found
                  | it on level 4 of the Dungeon)
  2854 | D:4      | Noticed a phantom
  2932 | D:4      | Killed a phantom
  2932 | D:4      | Reached XP level 5. HP: 15/38 MP: 1/10
  3431 | D:5      | Entered Level 5 of the Dungeon
  3463 | D:5      | Reached XP level 6. HP: 45/45 MP: 8/12
  3811 | D:5      | Found a radiant altar of Vehumet.
  4046 | D:5      | Found a shimmering altar of Xom.
  4048 | D:5      | Found a shimmering altar of Xom.
  4050 | D:5      | Found a shimmering altar of Xom.
  4052 | D:5      | Found a shimmering altar of Xom.
  4053 | D:5      | Found a shimmering altar of Xom.
  4098 | D:5      | Reached skill level 6 in Ice Magic
  4477 | D:5      | Your scales start taking on a golden yellow colour.
  4477 | D:5      | Reached XP level 7. HP: 39/50 MP: 9/13
  4477 | D:5      | Gained mutation: You are resistant to acid. (rCorr) [Yellow
                  | Draconian growth]
  4527 | D:5      | Found a hide-covered altar of Uskayaw.
  4732 | D:5      | Mangled by an ogre

Levels and vault maps discovered:
D:1:      grunt_arrival_crossed_arrows, layout_rooms, serial_glass,
          glass_columns_b, glass_columns_b
D:2:      layout_loops_cross, nemelex_xobeh_ov_fountains_minmay,
          grunt_dithmenos_smoke, lemuel_round_altar, grunt_ministairs_10
D:3:      layout_loops_ring, tso_metal_star, lemuel_crystal_altar,
          chequers_ecumenical_altar_simple_redux
D:4:      layout_rooms, serial_shops, nicolae_shop_behind_doors
D:5:      layout_basic, lemuel_round_altar, xom_redecorated, first_ration,
          basic_altar

Skill      XL: |  1  2  3  4  5  6 |
---------------+-------------------+-----
Spellcasting   | 3 4 |  4.6
Ice Magic      | 5 6 |  6.1
Summonings     | 1 2 3 |  3.3
Dodging        | |  1.7
Stealth        | |  1.7

Action                   |  1- 3 |  4- 6 |  7- 9 || total
-------------------------+-------+-------+-------++-------
Melee: Unarmed           |     4 |       |       ||     4
       Hand axe          |    19 |       |       ||    19
       Tailslap          |     2 |    12 |       ||    14
       Spear             |     8 |   162 |     2 ||   172
 Cast: Freeze            |    44 |    30 |       ||    74
       Summon Ice Beast  |       |     8 |     3 ||    11
  Use: Scroll            |     6 |     7 |       ||    13
       Potion            |       |     2 |       ||     2
 Stab: Sleeping          |     5 |    11 |       ||    16
       Distracted        |       |     1 |       ||     1
  Eat: Chunk             |     4 |     9 |     1 ||    14
Armor: Skin              |    18 |    47 |     1 ||    66
Dodge: Dodged            |    56 |    84 |     1 ||   141
       Deflected         |     1 |     1 |       ||     2

Table legend:
 A = Non-vault XP
 B = Vault XP
 C = Vault XP percentage of total XP
 D = Non-vault monster count
 E = Vault monster count
 F = Vault count percentage of total count
                 A         B        C        D         E       F
            +---------+---------+-------+---------+---------+-------
      Total |     769 |       2 |   0.3 |      77 |       2 |   2.5
            +---------+---------+-------+---------+---------+-------
        D:1 |      27 |       0 |   0.0 |      16 |       0 |   0.0
        D:2 |      41 |       2 |   4.7 |       9 |       2 |  18.2
        D:3 |      58 |       0 |   0.0 |      15 |       0 |   0.0
        D:4 |     201 |       0 |   0.0 |      10 |       0 |   0.0
        D:5 |     442 |       0 |   0.0 |      27 |       0 |   0.0
            +---------+---------+-------+---------+---------+-------
